Cogmind - Beta 17.1 @@@ ROGUE MODE // 2026.09.05 @ 12:47:30 Player: szymekc Result: Self-destructed Performance ------------- Evolutions (0) 0 Regions Visited (4) 800 Robots Destroyed (27) 135 Value Destroyed (335) 335 Prototype IDs (24) 480 Alien Tech Used (0) 0 Bonus (300) 300 TOTAL SCORE: 2050 Bonus ------- Aligned with FarCom 300 Cogmind --------- Core Integrity 86/250 Matter 300/300 Energy 280/280 System Corruption 0% Temperature Cool (0) Movement Treading (160) Location -9/Mines Parts ------- > --- POWER (1) -------- Heavy Ion Engine > --- PROPULSION (2) --- Light Treads Light Treads > --- UTILITY (2) ------ Large Storage Unit > --- WEAPON (2) ------- Improved Light Cannon Improved Light Cannon > --- INVENTORY (15) --- Heavy Ion Engine Heavy Ion Engine Light Treads Light Treads Light Treads Huge Storage Unit Spread Laser Spread Laser Spread Laser Heavy Assault Rifle Heavy Assault Rifle Improved Light Cannon Improved Light Cannon Grenade Launcher Rocket Launcher Peak State ------------ > --- POWER ------------ Heavy Ion Engine > --- PROPULSION ------- Light Treads Light Treads > --- UTILITY ---------- Huge Storage Unit Seismic Detector > --- WEAPON ----------- Improved Light Cannon Improved Light Cannon > --- INVENTORY -------- Heavy Ion Engine Heavy Ion Engine Light Treads Light Treads Light Treads Light Treads Light Treads Large Storage Unit Large Matter Pod Seismic Detector Spread Laser Spread Laser Spread Laser Heavy Assault Rifle Heavy Assault Rifle Improved Light Cannon Improved Light Cannon Grenade Launcher Mining Laser [Rating: 14] Favorites ----------- Power Ion Engine Engine Ion Engine Propulsion Light Treads Treads Light Treads Utility Seismic Detector Device Seismic Detector Storage Large Storage Unit Weapon Improved Light Cannon Energy Gun EM Pulse Gun Ballistic Gun Light Assault Rifle Ballistic Cannon Improved Light Cannon Build | -11 -10 -10 -10 -9 ------- Run | Yrd Mat Min Exi Min Slots Evolved . | . . . . . Power . | . . . . . Propulsion . | . . . . . Utility . | . . . . . Weapon . | . . . . . Parts Attached 17 | 7 9 1 . . Power 2 | 1 1 . . . Engine 2 | 1 1 . . . Core . | . . . . . Reactor . | . . . . . Propulsion 4 | 2 1 1 . . Treads 4 | 2 1 1 . . Leg . | . . . . . Wheel . | . . . . . Hover . | . . . . . Flight . | . . . . . Utility 5 | 2 3 . . . Device 2 | 2 . . . . Storage 3 | . 3 . . . Processor . | . . . . . Hackware . | . . . . . Protection . | . . . . . Artifact . | . . . . . Weapon 6 | 2 4 . . . Energy Gun 1 | 1 . . . . Energy Cannon . | . . . . . Ballistic Gun 3 | 1 2 . . . Ballistic Cannon 2 | . 2 . . . Launcher . | . . . . . Special Weapon . | . . . . . Impact Weapon . | . . . . . Slashing Weapon . | . . . . . Piercing Weapon . | . . . . . Special Melee Weapon . | . . . . . Unidentified Prototypes 1 | . 1 . . . Parts Lost 2 | . . 2 . . Power . | . . . . . Propulsion 1 | . . 1 . . Utility 1 | . . 1 . . Weapon . | . . . . . Highest Loss Streak 2 | . . 2 . . To Critical Strikes . | . . . . . Average Backups 8 | 3 10 17 14 14 Power 1 | . 1 2 2 2 Propulsion 1 | . 1 4 3 3 Utility 1 | . . 2 1 1 Weapon 4 | 1 6 8 8 8 Tool/Special . | . . . . . Unused Backups 23 | . 6 4 . 13 Power 4 | . 2 . . 2 Propulsion 4 | . . 1 . 3 Utility 3 | . 1 2 . . Weapon 12 | . 3 1 . 8 Tool/Special . | . . . . . Average Slot Usage (%) 96 | . 100 97 85 85 Engine 14 | . 14 14 14 14 Treads 28 | . 28 28 28 28 Device 12 | . 17 11 . . Storage 12 | . 10 14 14 14 Ballistic Gun 8 | . 15 . . . Ballistic Cannon 19 | . 10 28 28 28 Peak Build Rating 14 | 9 13 14 12 12 Average Rating 10 | 8 11 13 12 12 On Entrance 9 | . 9 13 12 12 Avg Prop Armor Cover (%) . | . . . . . Naked Turns . | . . . . . Heaviest Build 97 | 10 97 97 36 36 Greatest Support 40 | 40 40 40 40 40 Greatest Overweight (x) 2 | . 2 2 . . Average Overweight (x) . | . . 1 . . Largest Inventory Capacity 25 | 5 25 25 15 15 Average Capacity 10 | 5 13 23 15 15 Most Carried 19 | 4 17 19 14 15 Average Carried 8 | 3 10 17 14 14 Final Capacity 25 | 5 25 15 15 15 Final Carried 17 | 4 17 14 14 15 Class Distribution -------------------- 100% | Mutant Dominant Class ---------------- Mutant | -10/Materials Mutant | -10/Mines Mutant | -10/Exiles Mutant | -9/Mines Resources | -11 -10 -10 -10 -9 ----------- Run | Yrd Mat Min Exi Min Matter Collected 790 | 340 328 122 . . Remotely . | . . . . . Salvage Created 670 | 185 379 106 . . Parts 53 | 19 32 2 . . Haulers Intercepted 2 | . 2 . . . Recyclers Shooed 3 | . 2 1 . . Parts Field Recycled . | . . . . . Retrieved Matter . | . . . . . Parts Self-Destructed . | . . . . . Prevented . | . . . . . Parts Restored . | . . . . . Kills | -11 -10 -10 -10 -9 ------- Run | Yrd Mat Min Exi Min Combat Hostiles Destroyed 13 | . 11 2 . . Guns 11 | . 11 . . . Cannons 2 | . . 2 . . Classes Destroyed 10 | 3 5 2 . . Worker 2 | 2 . . . . Builder 1 | . 1 . . . Tunneler 6 | 5 . 1 . . Hauler 2 | . 2 . . . Recycler 3 | 1 1 1 . . Watcher 1 | . 1 . . . Swarmer 8 | . 8 . . . Grunt 3 | . 3 . . . Demolisher 1 | . . 1 . . Assembled 1 | . . 1 . . Best Kill Streak 3 | 3 3 2 . . Combat Bots Only 3 | . 3 2 . . Max Kills in Single Turn 2 | 1 2 1 . . Gunslinging . | . . . . . Exploded . | . . . . . Melee . | . . . . . Uniques/NPCs Destroyed . | . . . . . Combat | -11 -10 -10 -10 -9 -------- Run | Yrd Mat Min Exi Min Hostile Shots Fired 68 | 2 49 17 . . Missed 16 | . 15 1 . . Hits 52 | 2 34 16 . . Projectile 52 | 2 34 16 . . AOE 15 | 2 . 13 . . Critical Strikes 1 | . 1 . . . Damage Taken 972 | 79 319 574 . . Core 164 | . 71 93 . . Absorbed by Shields . | . . . . . Core Remaining (%) 100 | 100 . . . . Volleys Fired 121 | 70 40 11 . . Largest 2 | 1 2 2 . . Hottest 66 | 20 66 66 . . Shots Fired 172 | 70 80 22 . . Gun 136 | 70 66 . . . Cannon 36 | . 14 22 . . Launcher . | . . . . . Special . | . . . . . Kinetic 172 | 70 80 22 . . Thermal . | . . . . . Explosive . | . . . . . Electromagnetic . | . . . . . Robot Hit Streak 11 | 11 9 7 . . Robot Miss Streak 3 | 3 3 2 . . Penetration Max . | . . . . . Secondary Targets 1 | . 1 . . . Max Gunslinging Chain 1 | . 1 . . . Shots Hit Robots 107 | 44 48 15 . . Core Hits 39 | 16 18 5 . . Critical Kills . | . . . . . Critical Parts Destroyed . | . . . . . Critical Strikes 2 | . 1 1 . . Blast 2 | . 1 1 . . Melee Attacks . | . . . . . Impact . | . . . . . Slashing . | . . . . . Piercing . | . . . . . Sneak Attacks . | . . . . . Combat Hostiles . | . . . . . Follow-up Attacks . | . . . . . Damage Inflicted 1465 | 347 805 313 . . Guns 950 | 347 603 . . . Cannons 484 | . 190 294 . . Explosions . | . . . . . Melee . | . . . . . Ramming 31 | . 12 19 . . Kinetic 1434 | 347 793 294 . . Thermal . | . . . . . Explosive . | . . . . . Electromagnetic . | . . . . . Impact . | . . . . . Slashing . | . . . . . Piercing . | . . . . . Highest Corruption . | . . . . . Average Corruption . | . . . . . Corruption Purged . | . . . . . Corruption Blocked . | . . . . . Overload Shots . | . . . . . Overflow Damage 9 | . . 9 . . Projectiles 9 | . . 9 . . Explosions . | . . . . . Melee . | . . . . . Knockbacks 5 | . 1 4 . . Impact . | . . . . . Kinetic 5 | . 1 4 . . Secondary . | . . . . . Self-Inflicted Damage . | . . . . . Shots . | . . . . . Rammed 4 | . 1 3 . . Targets Rammed 5 | . 2 3 . . Kicked . | . . . . . Crushed 1 | . 1 . . . Highest Temperature 36 | . 36 36 . . Average Temperature 16 | . 13 18 . . Received Heat Transfer 57 | . 57 . . . Siege Activations . | . . . . . Martial Activations . | . . . . . Shielding Activations . | . . . . . Robots Disrupted . | . . . . . Combat Hostiles . | . . . . . Robots Corrupted . | . . . . . Combat Hostiles . | . . . . . Parts Fried . | . . . . . Impact Corruptions . | . . . . . Robots Melted . | . . . . . Combat Hostiles . | . . . . . Parts Melted . | . . . . . Heat Transferred . | . . . . . Parts Sabotaged . | . . . . . Parts Stolen . | . . . . . Parts Stripped . | . . . . . Power Chain Reactions . | . . . . . Alert | -11 -10 -10 -10 -9 ------- Run | Yrd Mat Min Exi Min Maximum Alert Level . | . . . . . Low Security (%) 100 | 100 100 100 . 100 Level 1 . | . . . . . Level 2 . | . . . . . Level 3 . | . . . . . Level 4 . | . . . . . Level 5 . | . . . . . High Security . | . . . . . Max Security . | . . . . . Peak Influence 144 | 15 144 31 . . Initial 2 | . . 2 . . Average 13 | . 48 2 . . Influence Increases 430 | 40 349 41 . . Destroy 0b10 Robot/C 240 | . 220 20 . . Destroy 0b10 Robot/NC 75 | 40 25 10 . . Destroy Leader 56 | . 46 10 . . Successful Hack 10 | . 10 . . . Destroy Structure 4 | . 3 1 . . Lose Combat Pursuer 45 | . 45 . . . Influence Decreases 430 | 40 342 48 . . Entered New Map 5 | . . 5 . . Time Decay 425 | 40 342 43 . . Squads Dispatched 1 | . 1 . . . Investigation . | . . . . . Extermination . | . . . . . Reinforcement 1 | . 1 . . . Assault . | . . . . . Garrison . | . . . . . Intercept . | . . . . . Searches Triggered . | . . . . . Construction Impeded . | . . . . . Haulers Reinforced . | . . . . . Active Scanning Responses . | . . . . . Cargo Convoy Interrupts . | . . . . . Stealth | -11 -10 -10 -10 -9 --------- Run | Yrd Mat Min Exi Min Distress Signals . | . . . . . Communications Jammed . | . . . . . Distress Signals . | . . . . . Times Spotted 27 | 2 20 5 . . Peak Tracking Total 7 | 2 4 7 . . Tactical Retreats 2 | . 2 . . . Traps | -11 -10 -10 -10 -9 ------- Run | Yrd Mat Min Exi Min Traps Triggered 1 | . 1 . . . Indirectly . | . . . . . Trap Hack Attempts . | . . . . . Triggered . | . . . . . Disarmed . | . . . . . Reprogrammed . | . . . . . Reused . | . . . . . Traps Extracted . | . . . . . Installed . | . . . . . Triggered . | . . . . . Machines | -11 -10 -10 -10 -9 ---------- Run | Yrd Mat Min Exi Min Machines Disabled . | . . . . . Max in Single Turn . | . . . . . Machines Repaired . | . . . . . Machines Dismantled . | . . . . . Machines Sabotaged . | . . . . . Overloaded Fab Kills . | . . . . . Hacking | -11 -10 -10 -10 -9 --------- Run | Yrd Mat Min Exi Min Machines Accessed 5 | . 3 . 2 . Terminals 3 | . 3 . . . Fabricators . | . . . . . Repair Stations . | . . . . . Recycling Units . | . . . . . Scanalyzers . | . . . . . Garrison Access . | . . . . . Total Hacks 10 | . 5 . 5 . Successful 7 | . 2 . 5 . Failed 3 | . 3 . . . Catastrophic 2 | . 2 . . . Database Lockouts . | . . . . . Manual 1 | . . . 1 . Terminals 5 | . 5 . . . Fabricators . | . . . . . Repair Stations . | . . . . . Recycling Units . | . . . . . Scanalyzers . | . . . . . Garrison Access . | . . . . . Terminal Hacks 7 | . 2 . 5 . Record 4 | . . . 4 . Terminal Index 1 | . 1 . . . Hauler Manifests 1 | . 1 . . . Proto ID Catalog 1 | . . . 1 . Fabricator Hacks . | . . . . . Repair Station Hacks . | . . . . . Recycling Unit Hacks . | . . . . . Scanalyzer . | . . . . . Garrison Access Hacks . | . . . . . Unauthorized Hacks . | . . . . . Terminals . | . . . . . Fabricators . | . . . . . Repair Stations . | . . . . . Recycling Units . | . . . . . Scanalyzers . | . . . . . Garrison Access . | . . . . . Data Cores Recovered . | . . . . . Used . | . . . . . Hacking Detections 2 | . 2 . . . Full Trace Events . | . . . . . Feedback Events . | . . . . . Feedback Blocked . | . . . . . Robot Schematics Acquired . | . . . . . Robots Built . | . . . . . Authchips . | . . . . . Time . | . . . . . Total Robot Build Rating . | . . . . . Part Schematics Acquired . | . . . . . Parts Built . | . . . . . Authchips . | . . . . . Time . | . . . . . Total Part Build Rating . | . . . . . Part Studies Acquired . | . . . . . Parts Repaired . | . . . . . Time . | . . . . . Parts Recycled . | . . . . . Recycled Matter . | . . . . . Retrieved Matter . | . . . . . Retrieved Components . | . . . . . Parts Scanalyzed . | . . . . . Part Schematics Acquired . | . . . . . Parts Damaged . | . . . . . Bothacking | -11 -10 -10 -10 -9 ------------ Run | Yrd Mat Min Exi Min Used RIF Installer . | . . . . . Robots Hacked . | . . . . . Non-combat . | . . . . . Combat . | . . . . . Robot Hacks Applied . | . . . . . Relay Couplers Released . | . . . . . Fabnet Peak Effective % . | . . . . . Robots Rewired . | . . . . . Allies Hacked . | . . . . . Hacks Repelled . | . . . . . Allies | -11 -10 -10 -10 -9 -------- Run | Yrd Mat Min Exi Min Total Allies . | . . . . . Largest Group . | . . . . . Highest-Rated Group . | . . . . . Highest-Rated Ally . | . . . . . Total Orders . | . . . . . Ally Attacks . | . . . . . Total Damage . | . . . . . Kills . | . . . . . Allies Corrupted . | . . . . . Allies Melted . | . . . . . Intel | -11 -10 -10 -10 -9 ------- Run | Yrd Mat Min Exi Min Active Infowar (turns) 3822 | 2235 1075 512 . . Terrain 2467 | 2180 287 . . . Seismic 3822 | 2235 1075 512 . . Robot Analysis Total . | . . . . . Derelict Logs Recovered . | . . . . . Drone Launches . | . . . . . Drone Recoveries . | . . . . . Exploration | -11 -10 -10 -10 -9 ------------- Run | Yrd Mat Min Exi Min Turns Passed 4391 | 2309 1075 608 333 66 Spaces Moved 1054 | 106 491 209 209 39 Core 6 | 6 . . . . Treads 1048 | 100 491 209 209 39 Legs . | . . . . . Wheels . | . . . . . Hover . | . . . . . Flight . | . . . . . Fastest Speed 50 | 50 160 160 160 160 Average Speed 192 | 153 184 270 160 160 Slowest Speed 320 | 160 320 320 160 160 Overloaded Moves . | . . . . . Propulsion Burnouts . | . . . . . Robots Hopped . | . . . . . Potential Cave-ins . | . . . . . Cave-ins Triggered . | . . . . . Exploration Rate (%) 43 | 4 94 37 61 20 Regions Visited 4 Branch Regions 3 Pre-discovered Areas 1 | . . . 1 . Known Exits Taken . | . . . . . Unknown Exits Taken 4 | 1 1 1 1 . Scrap Searched . | . . . . . Spaces Dug . | . . . . . Terrain Destroyed 4 | . 3 1 . . Melee . | . . . . . Projectile 4 | . 3 1 . . AOE . | . . . . . Terrain Rammed . | . . . . . Walls Destroyed . | . . . . . Machines Disabled . | . . . . . Actions | -11 -10 -10 -10 -9 --------- Run | Yrd Mat Min Exi Min Total 3252 | 2193 583 226 208 42 Wait 2014 | 2007 5 . . 2 Move 1050 | 105 490 208 208 39 Hop . | . . . . . Pick Up 30 | 4 23 2 . 1 Fast Attach 8 | 7 1 . . . Attach 1 | . . 1 . . Detach . | . . . . . Swap 10 | . 9 1 . . Drop 13 | . 13 . . . Fire 121 | 70 40 11 . . Melee . | . . . . . Ram . | . . . . . Kick . | . . . . . Crush 5 | . 2 3 . . Escape Stasis . | . . . . . Rewire . | . . . . . Trap . | . . . . . Miscellaneous . | . . . . . Route ------- -11/Scrapyard -10/Materials (discovered 5 exits: [*Mat x3] / [*Min x2]) -10/Mines (discovered 2 exits: [*Mat] / *Exi) -10/Exiles -9/Mines History --------- Turn | Location | Event 3 | -11/Scrapyard | Discovered new exit (range 15) 2310 | -11/Scrapyard | Assembled infested the area 2310 | -11/Scrapyard | Entered Materials 2311 | -10/Materials | Build established: Mutant 2690 | -10/Materials | Discovered new exit (range 16) 2773 | -10/Materials | Discovered new exit (range 9) 2833 | -10/Materials | Discovered new exit (range 3) 2937 | -10/Materials | Discovered new exit (range 9) 3273 | -10/Materials | Discovered new exit (range 8) 3385 | -10/Materials | Entered Mines 3502 | -10/Mines | Deemed a non-threat by the Exiles lab entrance 3505 | -10/Mines | Discovered new exit (range 5) 3667 | -10/Mines | Discovered new exit (range 14) 3873 | -10/Mines | Assembled infested the area 3907 | -10/Mines | Core integrity fell below 50% 3993 | -10/Mines | Entered Exiles 4033 | -10/Exiles | Met 8R-AWN 4059 | -10/Exiles | Met EX-HEX 4102 | -10/Exiles | Met EX-BIN 4123 | -10/Exiles | Aligned with FarCom system 4125 | -10/Exiles | Given EX-Vault access code 4165 | -10/Exiles | Opened EX-Vault 4205 | -10/Exiles | Warned to stay clear of 0b10 Research branches 4251 | -10/Exiles | Met EX-DEC 4257 | -10/Exiles | Learned location of Zion (-6) 4313 | -10/Exiles | Discovered new exit (range 10) 4326 | -10/Exiles | Entered Mines 4367 | -9/Mines | Received a Rocket Launcher from a helpful Derelict 4392 | -9/Mines | Self-destructed Last Messages --------------- 04313_ EXIT=FOUND LOCATION=UNKNOWN GOAL=ESCAPE 04326_ Receiving FarCom transmissions... 04361_ A derelict emerges from the shadows. 04362_ 2D-JOM(g): "Some of my friends down here think you need a mining laser when you travel the depths." 04363_ 2D-JOM(g): "They are crazy." 04364_ 2D-JOM(g): "Everyone knows a good old rocket launcher goes a long way." 04365_ 2D-JOM(g): "Need to get rid of a swarm? Done. Need a big hole in the wall? Done." 04366_ 2D-JOM(g): "Need a small hole in the wall? Leave that to the mining laser wimps, I say!" 04367_ 2D-JOM(g): "Would you like a rocket launcher? I know I would if I were you, so I'm going to lend you mine." 04367_ 2D-JOM(g) slips back into the shadows. 04368_ K-01 Serf collects debris. 04372_ Acquired Rocket Launcher. 04373_ K-01 Serf collects debris. Map ----- +----------------------------------------------------+ | ????????????????############## #?? | | ????????????????# $ #?? | | ?????????? #?? | | ?????????? ######### # ##?? | | ???????????""" ????????????# ## ###??? | | ???????????????????????????# #######????? | | ???????????????????????????# #??????????? | | ???????????????????????????# #??####????? | | ???????????????????????????# #?## ##???? | | ???????????????????????????# ### #???? | | ???????????????????????????# #???? | | ?????????????????????????######## ##??? | | ????????????????????###?## ##??# ##?? | | ???????????????###### ## #### #?? | | ?????????????? ## #?? | | ??????????????? ##?? | | ???????????????????# #??? | | ???????????????# ### ##??? | | ???????????????# ## ###???? | | ???????????????? ### ######?????? | | ???????????????????## ##?????????? | | ????????????????????# #### #?????????? | | ????????????????????#????## #?????????? | | ?????????????????????????## #?????????? | | ???????????????????????### #?????????? | | ???????????????????????# @ #?????????? | | ???????????????????? #?????????? | | ???????????????? #?????????? | | ?????????????# ######## ##?????????? | | ???????????????????????#######??????????? | | ????????????????????????????????????????? | | ????????????????????????????????????????? | | ????????????????????????????????????????? | | ????????????????????????????????????????? | | ????????????????????????????????????????? | | | | | | | | | | | | | | | | | | | | | | | | | | | | | | | +----------------------------------------------------+ Best States ------------- Heat Dissipation 25 Energy Generation 14 Energy Capacity 280 Matter Stores 300 Matter Capacity 300 Sight Range 16 Terrain Scan Range 16 Terrain Scan Density 10 Evasion (%) 40 Recoil Reduction 2 Item Schematics ----------------- None Robot Schematics ------------------ None Fabricated ------------ Nothing Repaired ---------- Nothing Studied --------- None Alien Tech Used ----------------- None Achievements -------------- Curiosity Killed The Cat Challenges ------------ None Game ------ Seed BattleSmallBeamcaster Manual? 0 Play Time 00:11:26 Cumulative 1433.8 hours Start 2026.09.05 @ 12:33:18 End 2026.09.05 @ 12:47:30 Sessions 2 Manual Loads 0 Difficulty Rogue Special Mode None Game No. 445 Rogue 443 Adventurer 2 Explorer 0 Win Type - Total 129 Types 34/32/30/2/1/1/22/3/1/3 Lore% 97 Gallery% 92 Achievement% 93 Wizard Run 0 Options --------- Layout 0 ASCII 0 Keyboard 1 Movement Numpad Keybinds 0 Fullscreen 1 Font 24/Smallcaps Map View 76x50 Zoom Use 0% Tactical HUD 1 Map Filters NONE Filters NONE Steam 1 RUN: f241eeba-bc09-4a3a-a645-a7be09fa9a87